 Seeded DCSS version 0.30-a0-371-gad7725a93e (webtiles) character file.

Game seed: 3472110508805078937 (custom seed)

53 flotson the Sneak (level 3, -1/29 HPs)
             Began as a Demonspawn Delver on Nov 21, 2022.
             Succumbed to an adder's poison
             ... in a sewer.
             The game lasted 00:03:05 (484 turns).

flotson the Sneak (Demonspawn Delver)                Turns: 484, Time: 00:03:05

Health: -1/29      AC:  9    Str: 14    XL:     3   Next: 62%
Magic:  3/3        EV: 11    Int: 11    God:
Gold:   25         SH:  0    Dex: 14    Spells: 2/2 levels left

rFire   . . .      SeeInvis .    a - +0 war axe (vorpal)
rCold   . . .      Faith    .    (no shield)
rNeg    . . .      Spirit   .    f - +0 ring mail
rPois   .          Reflect  .    (no helmet)
rElec   .          Harm     .    (no cloak)
rCorr   .          Rampage  .    (no gloves)
Will    .....                    (no boots)
Stlth   ++........               (no amulet)
HPRegen 0.24/turn                l - +4 ring of protection
MPRegen 0.16/turn                (no ring)

@: lethally poisoned (-1 -> -18), attractive, flying
A: magic regeneration
a: no special abilities


You were in a sewer.
You visited 1 branch of the dungeon, and saw 2 of its levels.
You also visited: Sewer.

You collected 25 gold pieces.

Inventory:

Hand Weapons
 a - a +0 vorpal war axe (weapon)
Armour
 b - a +0 leather armour
 f - a +0 ring mail (worn)
Jewellery
 l - a +4 ring of protection (left hand)
Wands
 g - a wand of digging (2)
Scrolls
 c - a scroll of fog
 i - a scroll of teleportation {unknown}
 k - 2 scrolls of identify {unknown}
Potions
 j - a potion of heal wounds {unknown}


   Skills:
 + Level 3.3 Fighting
 + Level 0.8(1.4) Axes
 - Level 1.7(1.9) Polearms
 + Level 1.1 Armour
 + Level 2.3 Dodging
 - Level 4.5 Stealth
 + Level 1.3 Evocations


You had 2 spell levels left.
You didn't know any spells.
Your spell library was empty.

Dungeon Overview and Level Annotations

Branches:
Dungeon (5/15)              Sewer (1/1)
 Temple: D:4-7

Altars:


Innate Abilities, Weirdness & Mutations

You regenerate magic rapidly.


Message History

You hit the adder.
You feel sick. The adder bites you but does no damage. The adder misses you.
The adder bites you. The adder closely misses you.
Unknown command.
You hit the adder.
The adder is almost dead.
You hit the adder. x2; You feel sick. The adder bites you but does no damage.
The adder completely misses you. The adder closely misses you.
The adder barely misses you.
The adder bites you but does no damage. x2
Unknown command.
You hit the adder.
The adder is severely wounded.
You barely miss the adder. You closely miss the adder.
You feel sick.
You are no longer poisoned.
The adder bites you. The adder barely misses you. The adder bites you.
The adder barely misses you. x2; The adder completely misses you.
Unknown command.
You completely miss the adder.
The adder is severely wounded.
You hit the adder but do no damage. You miss the adder.
The adder bites you but does no damage. The adder bites you.
* * * LOW HITPOINT WARNING * * *
The adder bites you but does no damage. The adder bites you.
* * * LOW HITPOINT WARNING * * *
You are poisoned.
The adder poisons you! The adder barely misses you.
The adder bites you but does no damage.
It was a potion of attraction.
You feel attractive to monsters.
* * * LOW HITPOINT WARNING * * *
You feel sick. The adder bites you.
* * * LOW HITPOINT WARNING * * *
You are more poisoned.
The adder poisons you! The adder barely misses you. The adder bites you.
* * * LOW HITPOINT WARNING * * *
You are more poisoned.
The adder poisons you!
It was a potion of flight.
You feel very buoyant.
You fly up into the air.
You die...

... #... #...#
####################....#
###.#≈≈≈≈~~@S≈≈~≈≈≈≈#.....#
##....≈≈#~~≈SSrr#≈≈≈≈......#
#.....≈~~#~≈≈≈r≈~~≈≈≈~.....#
#.....~≈~~≈≈≈≈≈≈~≈~~†~....#
##.....~~≈≈≈≈≈≈≈≈≈≈≈≈≈....##
#......≈≈≈≈≈≈≈≈≈≈≈≈≈≈≈..###
#....####################
##...## #...##


You could see 3 adders and 3 rats.

Vanquished Creatures
  4 river rats (Sewer)
  2 orcs (D:4)
  4 ball pythons
  A quokka (D:4)
  A frilled lizard (Sewer)
  7 rats (Sewer)
19 creatures vanquished.

Notes
Turn   | Place    | Note
-------+----------+-------------------------------------------
     0 | D:5      | flotson the Demonspawn Delver began the quest for the Orb.
     0 | D:5      | Reached XP level 1. HP: 18/18 MP: 1/1
   155 | D:4      | Noticed a scorpion
   217 | D:4      | Found a glowing drain.
   228 | Sewer    | Entered a sewer
   308 | Sewer    | Gained mutation: You regenerate magic rapidly. [demonic
                  | ancestry]
   308 | Sewer    | Reached XP level 2. HP: 24/24 MP: 2/2
   386 | Sewer    | Reached skill level 1 in Evocations
   386 | Sewer    | Reached XP level 3. HP: 29/29 MP: 3/3
   437 | Sewer    | Reached skill level 1 in Armour
   484 | Sewer    | Succumbed to an adder's poison

Illustrated notes

Levels and vault maps discovered:
D:4:      layout_loops_cross, portal_sewer_entry_f, st_stairs_14
D:5:      layout_layer_cave, mainiacjoe_overflow_boulevard,
          gammafunk_ghost_mausoleum, uniq_menkaure
Sewer:    sewer_minmay_w

Skill      XL: |  1  2  3 |
---------------+----------+-----
Dodging        | 2 |  2.3
Evocations     | 1 |  1.3
Armour         | 1 |  1.1
Fighting       | |  3.3
Axes           | |  0.8
Polearms       | |  1.7
Stealth        | |  4.5

Action                   || total
-------------------------++-------
Melee: War axe           ||    41
       Punch             ||     1
Evoke: Wand              ||     1
  Use: Scroll            ||     2
       Potion            ||     3
 Stab: Sleeping          ||     1
Armor: Leather armour    ||     9
       Ring mail         ||    40
Dodge: Dodged            ||    76

Table legend: (Time is in decaauts)
 A = Elapsed time spent in this place.
 B = Non-inter-level travel time spent in this place.
 C = Inter-level travel time spent in this place.
 D = Time resting spent in this place.
 E = Time spent auto-exploring this place.
 F = Levels seen in this place.
 G = Mean time per level.
                   A        B        C        D        E       F      G
               +--------+--------+--------+--------+--------+-----+--------+
         Total |    529 |    529 |      0 |      0 |    222 |   3 |  176.3 |
       Dungeon |    210 |    210 |      0 |      0 |    123 |   2 |  105.0 |
         Sewer |    318 |    318 |      0 |      0 |     99 |   1 |  318.0 |
               +--------+--------+--------+--------+--------+-----+--------+

Top non-repeatable levels by time:
   Sewer: 318 daAuts
     D:5: 142 daAuts
     D:4: 68 daAuts
